 Dungeon Crawl Stone Soup version 0.21.1-1-g345015f (webtiles) character file.

208 ChungusAmongUs the Magician (level 5, -14/37 HPs)
             Began as a Gnoll Wizard on June 29, 2018.
             Demolished by Akanak's ghost (17 damage)
             ... on level 3 of the Dungeon.
             The game lasted 00:25:01 (3290 turns).

ChungusAmongUs the Magician (Gnoll Wizard)          Turns: 3290, Time: 00:25:01

Health: -14/37     AC:  2    Str: 10    XL:     5   Next: 86%
Magic:  4/14       EV: 14    Int: 21    God:
Gold:   108        SH:  0    Dex: 13    Spells: 5/18 levels left

rFire    + . .     SeeInvis .   t - +0 war axe
rCold    . . .     Gourm    .   (no shield)
rNeg     . . .     Faith    .   y - +0 robe {rF+}
rPois    .         Spirit   .   b - +0 hat
rElec    .         Reflect  .   (no cloak)
rCorr    .         Harm     .   (no gloves)
MR       .....                  (no boots)
Stlth    +++.......             (no amulet)
HPRegen  0.12/turn              (no ring)
MPRegen  0.14/turn              (no ring)

@: very slightly contaminated
A: distributed training, fangs 1, strong nose
a: no special abilities


You were on level 3 of the Dungeon.
You were not hungry.

You visited 1 branch of the dungeon, and saw 4 of its levels.

You collected 108 gold pieces.

Inventory:

Hand Weapons
 n - a +1 short sword of draining
 t - a +0 war axe (weapon)
Armour
 a - a +0 robe
 b - a +0 hat (worn)
 l - a +0 leather armour
 x - a +0 chain mail
 y - a +0 robe of fire resistance (worn)
 A - a +0 ring mail
 B - a +0 shield
Jewellery
 m - a +3 ring of strength {unknown}
 E - an uncursed ring of flight {unknown}
Wands
 w - a wand of acid (9)
Scrolls
 e - 2 scrolls of random uselessness {unknown}
 h - 2 scrolls of magic mapping {unknown}
 i - a scroll of noise {unknown}
 p - 2 scrolls of teleportation
 q - a scroll of immolation {unknown}
 s - a scroll of enchant weapon {unknown}
 u - 2 scrolls of identify {unknown}
 v - a scroll of fog {unknown}
Potions
 f - 3 potions of curing
 g - a potion of cancellation {unknown}
 j - 2 potions of haste
 k - a potion of might {unknown}
 o - 2 potions of degeneration {unknown}
 r - a potion of flight {unknown}
 C - a potion of brilliance {unknown}
 D - a potion of resistance {unknown}
 F - a potion of heal wounds {unknown}
Books
 c - a book of Minor Magic

   Spells                             Type                      Level
   a - Magic Dart                     Conjuration                  1
   b - Blink                          Translocation                2
   c - Call Imp                       Summoning                    2
   d - Slow                           Hexes                        2
   e - Conjure Flame                  Conjuration/Fire             3
   f - Mephitic Cloud                 Conjuration/Poison/Air       3
Comestibles
 d - 6 rations
 z - a chunk of flesh


   Skills:
 + Level 1.6 Fighting
 + Level 1.6 Short Blades
 + Level 1.6 Long Blades
 + Level 1.6 Axes
 + Level 1.6 Maces & Flails
 + Level 1.6 Polearms
 + Level 1.6 Staves
 + Level 1.6 Slings
 + Level 1.6 Bows
 + Level 1.6 Crossbows
 + Level 1.6 Throwing
 + Level 1.6 Armour
 + Level 4.8 Dodging
 + Level 4.4 Stealth
 + Level 1.6 Shields
 + Level 1.6 Unarmed Combat
 + Level 7.3 Spellcasting
 + Level 2.4 Conjurations
 + Level 1.3 Hexes
 + Level 1.3 Charms
 + Level 2.4 Summonings
 + Level 1.3 Necromancy
 + Level 2.4 Translocations
 + Level 1.3 Transmutations
 + Level 1.3 Fire Magic
 + Level 1.3 Ice Magic
 + Level 1.3 Air Magic
 + Level 1.3 Earth Magic
 + Level 1.3 Poison Magic
 + Level 1.8 Invocations
 + Level 1.6 Evocations


You had 5 spell levels left.
You knew the following spells:

 Your Spells              Type           Power        Failure   Level  Hunger
a - Magic Dart            Conj           ###.         3%          1    None
b - Blink                 Tloc           N/A          4%          2    None
c - Call Imp              Summ           ###.....     4%          2    None
d - Slow                  Hex            ##......     8%          2    None
e - Conjure Flame         Conj/Fire      ###.....     12%         3    None
f - Mephitic Cloud        Conj/Pois/Air  ##......     13%         3    None


Dungeon Overview and Level Annotations

Branches:
Dungeon (4/15)
 Temple: D:4-7

Altars:

Annotations:
D:3 Akanak's ghost, amateur MiFi


Innate Abilities, Weirdness & Mutations

Your experience applies equally to all skills.
You have very sharp teeth.
Your uncanny sense of smell can sniff out nearby items.


Message History

Press: ? - help, Dir - move target cursor, p - Akanak's ghost There's already a cloud there!
Casting: Conjure Flame
Confirm with . or Enter, or press ? or * to list all spells.
Aiming: Conjure Flame
Press: ? - help, Dir - move target cursor You miscast Conjure Flame.
You are very lightly contaminated with residual magic.
Sparks fly from your hands!
Casting: Conjure Flame
Confirm with . or Enter, or press ? or * to list all spells.
You can't see any susceptible monsters within range! (Use Z to cast anyway.)
Casting: Conjure Flame
Confirm with . or Enter, or press ? or * to list all spells.
You can't see any susceptible monsters within range! (Use Z to cast anyway.)
Casting: Conjure Flame
Confirm with . or Enter, or press ? or * to list all spells.
You don't know that spell.
Akanak's ghost hits you!
You die...

.. .. # #.. .# #.
# #.#.. ∆
#.##.##.#.
.#....#...
......#..# ##
.......$.# .#
.......@.###.#.#
........W...5..#
..####.#.#####.#
#.#.# #.# #.#.#
#.# #.#.## #.#
#.#..####.#######
#.#..............
#+#
#.#..####.#####.#


You could see Akanak's ghost and a friendly crimson imp.

Vanquished Creatures
  An orc priest (D:3)
  An orc wizard (D:3)
  A hound skeleton (D:2)
  3 adders
  3 dart slugs
  2 worms
  8 orcs (D:3)
  14 bats
  6 giant cockroaches
  4 goblins
  9 hobgoblins
  6 jackals (D:1)
  6 kobolds
  A ball python (D:2)
  2 frilled lizards (D:1)
  7 rats
74 creatures vanquished.

Vanquished Creatures (collateral kills)
  An orc priest (D:3)
  A kobold (D:3)
  A goblin (D:3)
3 creatures vanquished.

Grand Total: 77 creatures vanquished

Notes
Turn   | Place    | Note
-------+----------+-------------------------------------------
     0 | D:1      | ChungusAmongUs the Gnoll Wizard began the quest for the Orb.
     0 | D:1      | Reached XP level 1. HP: 13/13 MP: 8/8
   313 | D:1      | Reached XP level 2. HP: 19/19 MP: 8/10
   317 | D:1      | Learned a level 2 spell: Blink
   320 | D:1      | Learned a level 2 spell: Call Imp
   323 | D:1      | Learned a level 2 spell: Slow
   808 | D:1      | Reached XP level 3. HP: 25/25 MP: 7/11
   845 | D:1      | Learned a level 3 spell: Conjure Flame
   849 | D:1      | Learned a level 3 spell: Mephitic Cloud
  1219 | D:2      | Reached skill level 1 in Invocations
  1338 | D:2      | Reached skill level 1 in Fighting
  1338 | D:2      | Reached skill level 1 in Short Blades
  1338 | D:2      | Reached skill level 1 in Long Blades
  1338 | D:2      | Reached skill level 1 in Axes
  1338 | D:2      | Reached skill level 1 in Maces & Flails
  1338 | D:2      | Reached skill level 1 in Polearms
  1338 | D:2      | Reached skill level 1 in Staves
  1338 | D:2      | Reached skill level 1 in Slings
  1338 | D:2      | Reached skill level 1 in Bows
  1338 | D:2      | Reached skill level 1 in Crossbows
  1338 | D:2      | Reached skill level 1 in Throwing
  1338 | D:2      | Reached skill level 1 in Armour
  1338 | D:2      | Reached skill level 1 in Shields
  1338 | D:2      | Reached skill level 1 in Unarmed Combat
  1338 | D:2      | Reached skill level 1 in Evocations
  1391 | D:2      | Reached XP level 4. HP: 32/32 MP: 9/13
  2231 | D:3      | Reached skill level 1 in Hexes
  2231 | D:3      | Reached skill level 1 in Charms
  2231 | D:3      | Reached skill level 1 in Necromancy
  2231 | D:3      | Reached skill level 1 in Transmutations
  2231 | D:3      | Reached skill level 1 in Fire Magic
  2231 | D:3      | Reached skill level 1 in Ice Magic
  2231 | D:3      | Reached skill level 1 in Air Magic
  2231 | D:3      | Reached skill level 1 in Earth Magic
  2231 | D:3      | Reached skill level 1 in Poison Magic
  2471 | D:3      | Reached XP level 5. HP: 37/37 MP: 2/14
  3067 | D:3      | You fall through a shaft!
  3275 | D:3      | Noticed Akanak's ghost (amateur MiFi)
  3290 | D:3      | Demolished by Akanak's ghost

Skill      XL: |  1  2  3  4 |
---------------+-------------+-----
Conjurations   | 2 |  2.4
Summonings     | 2 |  2.4
Translocations | 2 |  2.4
Invocations    | 1 |  1.8
Fighting       | 1 |  1.6
Short Blades   | 1 |  1.6
Long Blades    | 1 |  1.6
Axes           | 1 |  1.6
Maces & Flails | 1 |  1.6
Polearms       | 1 |  1.6
Staves         | 1 |  1.6
Slings         | 1 |  1.6
Bows           | 1 |  1.6
Crossbows      | 1 |  1.6
Throwing       | 1 |  1.6
Armour         | 1 |  1.6
Shields        | 1 |  1.6
Unarmed Combat | 1 |  1.6
Evocations     | 1 |  1.6
Hexes          | 1 |  1.3
Charms         | 1 |  1.3
Necromancy     | 1 |  1.3
Transmutations | 1 |  1.3
Fire Magic     | 1 |  1.3
Ice Magic      | 1 |  1.3
Air Magic      | 1 |  1.3
Earth Magic    | 1 |  1.3
Poison Magic   | 1 |  1.3
Dodging        | |  4.8
Stealth        | |  4.4
Spellcasting   | |  7.3

Action                   |  1- 3 |  4- 6 || total
-------------------------+-------+-------++-------
Melee: Short sword       |    11 |    15 ||    26
       Bite              |     1 |     1 ||     2
       War axe           |       |     3 ||     3
 Cast: Magic Dart        |    75 |    94 ||   169
       Call Imp          |     1 |     4 ||     5
       Conjure Flame     |       |     1 ||     1
       Blink             |       |     1 ||     1
  Use: Scroll            |     1 |       ||     1
  Eat: Chunk             |     1 |     1 ||     2
       Ration            |       |     2 ||     2
Armor: Robe              |     3 |     4 ||     7
Dodge: Dodged            |    18 |    23 ||    41
